 Dungeon Crawl Stone Soup version 0.30-a0-424-g7412bad402 (webtiles) character file.

Game seed: 17777589656226101224

396 Ubergnu the Slasher (level 7, -2/55 HPs)
             Began as a Human Cinder Acolyte on Dec 9, 2022.
             Was an Initiate of the Shining One.
             Slain by a fire elemental (13 damage)
             ... created by the fiery vengeance of Ignis
             ... on level 4 of the Dungeon.
             The game lasted 00:44:42 (4318 turns).

Ubergnu the Slasher (Human Cinder Acolyte)          Turns: 4318, Time: 00:44:43

Health: -2/55      AC: 11    Str: 22    XL:     7   Next: 9%
Magic:  8/8        EV: 10    Int: 14    God:    the Shining One [......]
Gold:   246        SH:  0    Dex:  7    Spells: 6/8 levels left

rFire   . . .      SeeInvis .    a - -1 falchion (flame)
rCold   . . .      Faith    .    (no shield)
rNeg    . . .      Spirit   .    t - +3 scale mail
rPois   .          Reflect  .    (no helmet)
rElec   .          Harm     .    (no cloak)
rCorr   .          Rampage  .    n - +0 pair of gloves
Will    .....                    (no boots)
Stlth   ..........               (no amulet)
HPRegen 0.29/turn                f - ring of flight
MPRegen 0.11/turn                r - +6 ring of strength

@: confused, ambrosia-drunk, flying, glowing, fire susceptible
A: clumsy 1, passive freeze, MP-powered wands, noise suppression
a: Renounce Religion


You were on level 4 of the Dungeon.
You worshipped the Shining One.
The Shining One was noncommittal.
You visited 1 branch of the dungeon, and saw 4 of its levels.

You collected 246 gold pieces.

Inventory:

Hand Weapons
 a - a -1 falchion of flaming (weapon)
 s - a +1 short sword of venom
Missiles
 i - 32 stones (quivered)
 q - 5 poisoned darts
Armour
 c - a +0 robe
 n - a +0 pair of gloves (worn)
 t - a +3 scale mail (worn)
Jewellery
 f - a ring of flight (left hand)
 o - a +6 ring of intelligence
 r - a +6 ring of strength (right hand)
Scrolls
 b - a scroll of butterflies
 l - a scroll of immolation
Potions
 h - a potion of curing
 j - a potion of ambrosia


   Skills:
 + Level 4.3 Fighting
 + Level 4.6 Long Blades
 + Level 0.2 Throwing
 + Level 3.3 Armour
 + Level 1.4 Dodging
 + Level 1.0 Spellcasting
 + Level 3.7 Fire Magic


You had 6 spell levels left.
You knew the following spells:

 Your Spells              Type           Power      Damage    Failure   Level
a - Scorch                Fire           22%        2d6       22%         2

Your spell library contained the following spells:

 Spells                   Type           Power      Damage    Failure   Level
 Cigotuvi's Dreadful Rot  Necr/Pois/Air  0%         N/A       71%         2
 Ensorcelled Hibernation  Hex/Ice        0%         N/A       71%         2
 Passwall                 Tmut/Erth      0%         N/A       71%         2
 Gell's Gravitas          Tloc           0%         N/A       90%         3
 Swiftness                Air            0%         N/A       90%         3
 Teleport Other           Tloc           0%         N/A       90%         3
 Dispel Undead            Necr           0%         3d6       100%        4
 Death Channel            Necr           0%         N/A       100%        6
 Dispersal                Tloc           0%         N/A       100%        6


Dungeon Overview and Level Annotations

Branches:
Dungeon (4/15)
 Temple: D:4-7

Altars:
Hepliaklqana
Okawaru
Qazlal
Uskayaw
Wu Jian
Xom
The Shining One

Shops:
D:3 =


Innate Abilities, Weirdness & Mutations

You are clumsy. (Dex -2)
A frigid envelope surrounds you and freezes all who hurt you.
You expend magic power (3 MP) to strengthen your wands.
You passively dampen the noise of your surroundings.


Message History

i - 32 stones (gained 2)
There is an open door, spattered with blood here.
Items here: )) [ †††.
Okay, then.
Unknown command.
Ignis calls forth spirits of fire to unmake you! 3 fire elementals come into view.
You hit the fire elemental but do no damage.
The fire elemental closely misses you.
You barely miss the fire elemental. The fire elemental hits you.
The fire elemental burns you!
The fire elemental is frozen!
The fire elemental is very cold.
The fire elemental is moderately damaged.
The fire elemental hits you. The fire elemental burns you!
The fire elemental is frozen!
The fire elemental is very cold.
The fire elemental is heavily damaged.
Unknown command.
You closely miss the fire elemental.
The fire elemental is heavily damaged.
The fire elemental barely misses you. The fire elemental hits you.
The fire elemental burns you!
The fire elemental is frozen!
The fire elemental is very cold.
The fire elemental is moderately damaged.
The fire elemental misses you. The fire elemental hits you.
The fire elemental burns you!
* * * LOW HITPOINT WARNING * * *
The fire elemental is frozen!
The fire elemental is very cold.
The fire elemental is heavily damaged.
The fire elemental hits you. The fire elemental burns you!
* * * LOW HITPOINT WARNING * * *
The fire elemental is frozen!
The fire elemental is very cold.
The fire elemental is severely damaged.
The fire elemental hits you. The fire elemental burns you!
The Shining One protects you from harm!
The fire elemental is frozen!
The fire elemental is very cold.
The fire elemental is heavily damaged.
You are confused.
You feel invigorated. The fire elemental barely misses you.
The fire elemental hits you. The fire elemental burns you!
You die...

#..#####.##..#
#.............
#......#'#...#
#.............
#..##........#+
#......#######
#..###........## #......#.
#..#.#.........####......'.
#..#.'#...#..............#
#..#.#.........####......#
#..###.......°###E#......#
##.##........#°E@.#.#.####
#......#+#...#.E..#.#.#
#..##### ##..#...##.#.#
#..# ##.#...##...# ##÷#
#.#.####.#.#
#.#########.######.#)#
#..................#.#
#######.........)....#
################


You could see 3 fire elementals.

Vanquished Creatures
  3 fire elementals (D:4)
  A gnoll sergeant (D:4)
  A necrophage (D:4)
  A scorpion (D:4)
  An iguana (D:3)
  9 adders
  An ufetubus (D:4)
  2 worms (D:2)
  A dart slug (D:1)
  7 orcs
  8 ball pythons
  8 bats
  4 endoplasms
  3 giant cockroaches
  6 hobgoblins
  3 jackals (D:2)
  9 kobolds
  6 quokkas
  2 frilled lizards
  10 goblins
  3 rats
89 creatures vanquished.

Notes
Turn   | Place    | Note
-------+----------+-------------------------------------------
     0 | D:1      | Ubergnu the Human Cinder Acolyte began the quest for the
                  | Orb.
     0 | D:1      | Reached XP level 1. HP: 18/18 MP: 2/2
   186 | D:1      | Gained mutation: You expend magic power (3 MP) to
                  | strengthen your wands. [potion of mutation]
   186 | D:1      | Gained mutation: You passively dampen the noise of your
                  | surroundings. [potion of mutation]
   186 | D:1      | Gained mutation: You are clumsy. (Dex -2) [potion of
                  | mutation]
   186 | D:1      | Gained mutation: A frigid envelope surrounds you and
                  | freezes all who hurt you. [potion of mutation]
   410 | D:1      | Reached XP level 2. HP: 19/24 MP: 3/3
   631 | D:1      | Learned a level 2 spell: Scorch
   822 | D:1      | Reached XP level 3. HP: 24/29 MP: 4/4
  1377 | D:2      | Reached XP level 4. HP: 29/35 MP: 5/5
  2036 | D:2      | Reached skill level 1 in Armour
  2044 | D:2      | Reached XP level 5. HP: 41/41 MP: 6/6
  2215 | D:3      | Found Nunewk's Jewellery Emporium.
  2862 | D:3      | Found a glowing golden altar of the Shining One.
  2866 | D:3      | Fell from the grace of Ignis
  2866 | D:3      | Became a worshipper of the Shining One
  2955 | D:3      | Found a faded altar of an unknown god.
  3303 | D:3      | Found a shimmering altar of Xom.
  3314 | D:3      | Found a hazy altar of Hepliaklqana.
  3329 | D:3      | Found an iron altar of Okawaru.
  3342 | D:3      | Found a hide-covered altar of Uskayaw.
  3353 | D:3      | Found an ornate altar of the Wu Jian Council.
  3367 | D:3      | Found a stormy altar of Qazlal.
  3414 | D:4      | Reached skill level 1 in Dodging
  3414 | D:4      | Reached XP level 6. HP: 37/48 MP: 7/7
  3778 | D:4      | Reached XP level 7. HP: 27/55 MP: 8/8
  3969 | D:4      | Learned a level 2 spell: Scorch
  4052 | D:4      | Noticed a fire elemental
  4052 | D:4      | Noticed a fire elemental
  4052 | D:4      | Noticed a fire elemental
  4058 | D:4      | Killed a fire elemental
  4058 | D:4      | Killed a fire elemental
  4064 | D:4      | Killed a fire elemental
  4314 | D:4      | Noticed a fire elemental
  4314 | D:4      | Noticed a fire elemental
  4314 | D:4      | Noticed a fire elemental
  4317 | D:4      | The Shining One protects you from harm!
  4318 | D:4      | Slain by a fire elemental

Illustrated notes

Levels and vault maps discovered:
D:1:      psy_arrival_basics, layout_loops_corners, kennysheep_nondescript
D:2:      layout_basic
D:3:      layout_basic, grunt_temple_overflow_octagram,
          shapermc_ecumenical_altar_petra, serial_shops,
          nicolae_shop_statue_plus, minmay_misc_feat_cross, st_stairs_1
D:4:      layout_gridville, minmay_pentangle

Skill      XL: |  1  2  3  4  5  6 |
---------------+-------------------+-----
Armour         | 1 3 |  3.3
Long Blades    | 4 |  4.6
Fighting       | 4 |  4.3
Dodging        | 1 |  1.4
Throwing       | |  0.2
Spellcasting   | |  1.0
Fire Magic     | |  3.7

Action                   |  1- 3 |  4- 6 |  7- 9 || total
-------------------------+-------+-------+-------++-------
Melee: Falchion          |    59 |    82 |    33 ||   174
       Punch             |     1 |     2 |       ||     3
Throw: Stone             |       |     4 |       ||     4
 Cast: Scorch            |       |       |     1 ||     1
  Use: Potion            |     3 |       |     4 ||     7
       Scroll            |     4 |       |     3 ||     7
Armor: Robe              |     6 |       |       ||     6
       Ring mail         |    10 |     4 |       ||    14
       Plate armour      |       |    62 |       ||    62
       Scale mail        |       |       |    11 ||    11
       Skin              |       |       |     9 ||     9
Dodge: Dodged            |    26 |    24 |    26 ||    76

Table legend: (Time is in decaauts)
 A = Elapsed time spent in this place.
 B = Non-inter-level travel time spent in this place.
 C = Inter-level travel time spent in this place.
 D = Time resting spent in this place.
 E = Time spent auto-exploring this place.
 F = Levels seen in this place.
 G = Mean time per level.
                   A        B        C        D        E       F      G
               +--------+--------+--------+--------+--------+-----+--------+
         Total |   4335 |   4335 |      0 |    733 |    581 |   4 | 1083.8 |
       Dungeon |   4335 |   4335 |      0 |    733 |    581 |   4 | 1083.8 |
               +--------+--------+--------+--------+--------+-----+--------+

Top non-repeatable levels by time:
     D:3: 1274 daAuts
     D:1: 1237 daAuts
     D:4: 927 daAuts
     D:2: 895 daAuts
